 Dungeon Sprint DCSS version 0.27-a0-1548-gf8a67e7463 (webtiles) character file.

Game seed: 1606945797826925112

1390 mhtbhm the Blocker (level 8, -14/82 HPs)
             Began as a Minotaur Fighter on July 13, 2021.
             Was an Initiate of Gozag.
             Killed from afar by a bog body (22 damage)
             ... with a bolt of cold
             ... in the Dungeon (Sprint VII: "The Pits").
             The game lasted 00:02:26 (667 turns).

mhtbhm the Blocker (Minotaur Fighter)                Turns: 667, Time: 00:02:26

Health: -14/82     AC: 15    Str: 22    XL:     8   Next: 40%
Magic:  7/7        EV:  9    Int:  5    God:    Gozag
Gold:   783        SH: 13    Dex: 11    Spells: 7/7 levels left

rFire    . . .     SeeInvis .   a - +1 hand axe (vorpal)
rCold    . . .     Faith    .   c - +0 kite shield
rNeg     . . .     Spirit   .   b - +3 chain mail
rPois    .         Reflect  .   (helmet restricted)
rElec    .         Harm     .   (no cloak)
rCorr    .         Rampage  .   (no gloves)
Will     .....     NoTele   +   (no boots)
Stlth    ..........             (no amulet)
HPRegen  0.23/turn              (no ring)
MPRegen  0.10/turn              (no ring)

@: mighty
A: horns 2, retaliatory headbutt
a: Renounce Religion, Potion Petition, Call Merchant, Bribe Branch


You were in the Dungeon.
You worshipped Gozag.
Gozag was pleased with you.
You visited 1 branch You collected 1593 gold pieces.
You paid 810 gold pieces to Gozag.

Inventory:

Hand Weapons
 a - a +1 vorpal hand axe (weapon)
Armour
 b - a +3 chain mail (worn)
 c - a +0 kite shield (worn)
Scrolls
 j - a scroll of blinking
 l - 5 scrolls of amnesia
 m - a scroll of summoning
Potions
 e - 6 potions of curing
 f - 4 potions of heal wounds
 g - a potion of haste
 h - 4 potions of magic
 i - 3 potions of berserk rage
 k - 2 potions of invisibility


   Skills:
 + Level 11.2 Fighting
 + Level 10.7 Axes
 + Level 11.5 Armour
 + Level 3.7 Dodging
 + Level 12.0 Shields


You had 7 spell levels left.
You didn't know any spells.
Your spell library was empty.

Dungeon Overview and Level Annotations

Branches:
Dungeon (1/1)

Altars:
Ashenzari
Cheibriados
Dithmenos
Elyvilon
Fedhas
Gozag
Hepliaklqana
Kikubaaqudgha
Makhleb
Nemelex Xobeh
Okawaru
Qazlal
Ru
Sif Muna
Trog
Uskayaw
Vehumet
Wu Jian
Xom
Yredelemnul
Zin
The Shining One
Beogh
Jiyva
Lugonu


Innate Abilities, Weirdness & Mutations

You have a pair of horns on your head.
You reflexively headbutt those who attack you in melee.


Message History

The bog body points at you and mumbles some strange words.
The bolt of cold hits you!!
Unknown command.
The warg bites you but does no damage.
There is an open door here.
You hit the warg.
The warg is moderately wounded.
The warg barely misses you.
Unknown command.
You hit the warg but do no damage.
The warg is moderately wounded.
You hit the guardian mummy. The warg closely misses you.
You furiously retaliate!
You headbutt the warg. You block the guardian mummy's attack.
Unknown command.
You hit the warg.
The warg is severely wounded.
You hit the guardian mummy. The warg barely misses you.
Unknown command.
You hit the warg. Your headbutt misses the warg.
The warg is severely wounded.
You hit the bog body. You closely miss the guardian mummy.
You block the warg's attack.
The bog body touches you but does no damage.
The guardian mummy hits you.
Unknown command.
You barely miss the warg.
The warg is severely wounded.
You closely miss the guardian mummy. You hit the bog body. The warg bites you!
The bog body touches you! The bog body freezes you!
* * * LOW HITPOINT WARNING * * *
The guardian mummy hits you!
* * * LOW HITPOINT WARNING * * *
Unknown command.
You feel very mighty all of a sudden. The warg bites you but does no damage.
The bog body casts a spell at you. The bolt of cold hits you!!
You die...
Your body crumbles into a pile of gold.

#.##'#.....##...<...#
#.#........##.......#
#)#........##.......#
#'###########.......#
#.......#..##########
#..#.#..#.######
#.##.##.#.#....#
#.......#)#n...#
#.##.##.#.@h...+
#..#.#..#'#M...#
#.......'.#....#
################


You could see a guardian mummy, a bog body and a warg.

Vanquished Creatures
  A deep troll (D)
  Grinder (D)
  A flying skull (D)
  2 floating eyes (D)
  An ice beast (D)
  A gnoll sergeant (D)
  A bullfrog (D)
  A gnoll shaman (D)
  3 gnolls (D)
  A river rat (D)
  2 white imps (D)
  A worm (D)
  2 ball pythons (D)
  A bat (D)
  A bat zombie (D)
  An endoplasm (D)
  A hobgoblin (D)
  A quokka (D)
  A frilled lizard (D)
24 creatures vanquished.

Notes
Turn   | Place    | Note
-------+----------+-------------------------------------------
     0 | D        | mhtbhm the Minotaur Fighter began the quest for the Orb.
     0 | D        | Reached XP level 1. HP: 19/19 MP: 0/0
    18 | D        | Found a bloodstained altar of Trog.
    18 | D        | Found a shimmering blue altar of Sif Muna.
    18 | D        | Found a viscous altar of Jiyva.
    18 | D        | Found a hazy altar of Hepliaklqana.
    18 | D        | Found an opulent altar of Gozag.
    19 | D        | Found a glowing golden altar of the Shining One.
    19 | D        | Found a glowing silver altar of Zin.
    19 | D        | Found a basalt altar of Yredelemnul.
    19 | D        | Found a shimmering altar of Xom.
    19 | D        | Found an ornate altar of the Wu Jian Council.
    19 | D        | Found a sacrificial altar of Ru.
    19 | D        | Found a stormy altar of Qazlal.
    19 | D        | Found an iron altar of Okawaru.
    19 | D        | Found a sparkling altar of Nemelex Xobeh.
    19 | D        | Found a burning altar of Makhleb.
    19 | D        | Found a blossoming altar of Fedhas.
    19 | D        | Found a white marble altar of Elyvilon.
    19 | D        | Found a shadowy altar of Dithmenos.
    19 | D        | Found a snail-covered altar of Cheibriados.
    21 | D        | Found a radiant altar of Vehumet.
    21 | D        | Found a corrupted altar of Lugonu.
    22 | D        | Found a hide-covered altar of Uskayaw.
    22 | D        | Found an ancient bone altar of Kikubaaqudgha.
    22 | D        | Found a broken altar of Ashenzari.
    28 | D        | Became a worshipper of Gozag Ym Sagoz the Greedy
    66 | D        | Noticed a floating eye
    69 | D        | Killed a floating eye
    70 | D        | Reached skill level 7 in Shields
    70 | D        | Reached XP level 2. HP: 34/34 MP: 1/1
    70 | D        | Reached XP level 3. HP: 39/39 MP: 2/2
    70 | D        | Reached XP level 4. HP: 47/47 MP: 3/3
   195 | D        | Noticed a bullfrog
   195 | D        | Noticed an ice beast
   196 | D        | Noticed a floating eye
   197 | D        | Noticed a gnoll sergeant
   204 | D        | Killed an ice beast
   205 | D        | Reached skill level 5 in Axes
   205 | D        | Reached skill level 1 in Dodging
   205 | D        | Reached skill level 8 in Shields
   205 | D        | Reached XP level 5. HP: 53/56 MP: 4/4
   209 | D        | Reached XP level 6. HP: 48/63 MP: 5/5
   211 | D        | Paralysed by a floating eye for 3 turns
   217 | D        | Paralysed by a floating eye for 4 turns
   223 | D        | Killed a floating eye
   224 | D        | Reached skill level 9 in Shields
   235 | D        | Reached skill level 10 in Fighting
   237 | D        | Reached skill level 10 in Shields
   275 | D        | Noticed a deep troll
   295 | D        | Killed a deep troll
   296 | D        | Reached skill level 10 in Armour
   296 | D        | Reached skill level 11 in Shields
   296 | D        | Reached XP level 7. HP: 22/73 MP: 6/6
   296 | D        | Reached XP level 8. HP: 25/81 MP: 7/7
   299 | D        | Noticed Grinder
   299 | D        | Noticed a flying skull
   308 | D        | Killed Grinder
   309 | D        | Reached skill level 10 in Axes
   315 | D        | HP: 3/82 [flying skull (8)]
   316 | D        | Killed a flying skull
   317 | D        | Reached skill level 12 in Shields
   660 | D        | Noticed a bog body
   660 | D        | Noticed a guardian mummy
   667 | D        | Killed from afar by a bog body

Illustrated notes

Levels and vault maps discovered:
D:        pitsprint [storerooms_1, entrance_room_1, metal_vault_7, armoury_2,
          mini_pit_1, grid_room_1, main_hall_1, silver_pit, the_coven_2,
          the_vestibule_1, steel_vault_3, golden_pit, hallway_of_sentries,
          crystal_vault_2, iron_vault_2, final_vault]

Skill      XL: |  1  2  3  4  5  6  7  8 |
---------------+-------------------------+-----
Fighting       | 7 8 9 10 11 | 11.2
Axes           | 3 5 9 10 | 10.7
Armour         | 7 8 10 11 | 11.5
Shields        | 7 8 11 12 | 12.0
Dodging        | 1 3 |  3.7

Action                   |  1- 3 |  4- 6 |  7- 9 || total
-------------------------+-------+-------+-------++-------
Melee: Hand axe          |     3 |    71 |    20 ||    94
       War axe           |     1 |       |       ||     1
       Headbutt          |       |    19 |     2 ||    21
Invok: Potion Petition   |       |     1 |       ||     1
  Use: Potion            |       |     2 |     1 ||     3
Armor: Chain mail        |       |    30 |     6 ||    36
       Scale mail        |       |     3 |       ||     3
Dodge: Dodged            |     2 |    20 |     4 ||    26
Block: Kite shield       |     1 |    44 |     7 ||    52

Table legend: (Time is in decaauts)
 A = Elapsed time spent in this place.
 B = Non-inter-level travel time spent in this place.
 C = Inter-level travel time spent in this place.
 D = Time resting spent in this place.
 E = Time spent auto-exploring this place.
 F = Levels seen in this place.
 G = Mean time per level.
                   A        B        C        D        E       F      G
               +--------+--------+--------+--------+--------+-----+--------+
         Total |    674 |    674 |      0 |    332 |     30 |   1 |  674.0 |
       Dungeon |    674 |    674 |      0 |    332 |     30 |   1 |  674.0 |
               +--------+--------+--------+--------+--------+-----+--------+

Top non-repeatable levels by time:
       D: 674 daAuts
